 Dungeon Crawl Stone Soup version 0.21-a0-279-g6037ffb (webtiles) character file.

25 tidbits the Grave Robber (level 2, 0/20 HPs)
             Began as a Draconian Necromancer on Sept 23, 2017.
             Was an Initiate of Wu Jian.
             Slain by a gnoll
             ... wielding a +0 spear
              (5 damage)
             ... on level 1 of the Dungeon.
             The game lasted 00:04:39 (751 turns).

tidbits the Grave Robber (Draconian Necromancer)     Turns: 751, Time: 00:04:39

Health: 0/20       AC:  4    Str: 16    XL:     2   Next: 82%
Magic:  1/5        EV: 12    Int: 15    God:    Wu Jian [......]
Gold:   68         SH:  0    Dex: 11    Spells: 3/5 levels left

rFire    . . .     SeeInvis .   a - bread ration
rCold    . . .     Gourm    .   (no shield)
rNeg     . . .     Faith    .   (armour unavailable)
rPois    .         Spirit   .   (helmet restricted)
rElec    .         Reflect  .   (no cloak)
rCorr    .         Harm     .   (no gloves)
MR       .....                  (no boots)
Stlth    ++........             (no amulet)
HPRegen  0.06/turn              j - +6 ring of strength
MPRegen  0.09/turn              (no ring)

@: no status effects
A: unfitting armour, cold-blooded, AC +4
a: Renounce Religion


You were on level 1 of the Dungeon.
You worshipped Wu Jian.
Wu Jian was noncommittal.
You were hungry.

You visited 1 branch of the dungeon, and saw 4 of its levels.

You collected 68 gold pieces.

Inventory:

Hand Weapons
 c - a +0 short sword
 d - a +0 hunting sling
Jewellery
 j - a +6 ring of strength (left hand)
   (You found it on level 2 of the Dungeon)
Potions
 b - a potion of brilliance {unknown}
 i - a potion of cancellation {unknown}
Books
 e - a book of Necromancy

   Spells                             Type                      Level
   a - Pain                           Necromancy                   1
   b - Animate Skeleton               Necromancy                   1
   c - Vampiric Draining              Necromancy                   3
   d - Regeneration                   Charms/Necromancy            3
   e - Animate Dead                   Necromancy                   4
   f - Control Undead                 Necromancy                   4
Comestibles
 a - a bread ration (in hand)
 g - 3 fruits


   Skills:
 - Level 1.7 Dodging
 - Level 1.7 Stealth
 + Level 2.3 Spellcasting
 * Level 4.6 Necromancy


You had 3 spell levels left.
You knew the following spells:

 Your Spells              Type           Power        Failure   Level  Hunger
a - Pain                  Necr           ###.         3%          1    #......
n - Animate Skeleton      Necr           N/A          3%          1    #......


Dungeon Overview and Level Annotations

Branches:
Dungeon (4/15)
 Temple: D:4-7

Altars:
Okawaru
Trog
Vehumet
Wu Jian


Innate Abilities, Weirdness & Mutations

Your plain brown scales are hard. (AC +4)
You cannot fit into any form of body armour.
You are cold-blooded and may be slowed by cold attacks.


Message History

You swing at nothing.
You swing at nothing.
You swing at nothing.
You swing at nothing.
You swing at nothing.
You swing at nothing.
You swing at nothing.
You swing at nothing.
You swing at nothing.
You swing at nothing.
You swing at nothing.
You swing at nothing.
You swing at nothing.
You swing at nothing.
You swing at nothing.
You swing at nothing.
You swing at nothing.
You swing at nothing.
Wield which item (- for none, * to show all)? (? for menu, Esc to quit)
c - a +0 short sword (weapon)
A bat comes into view.
Casting: Pain
Confirm with . or Enter, or press ? or * to list all spells.
Aiming: Pain
Press: ? - help, Shift-Dir - straight line, f - bat
Aim: a bat (chance to defeat MR: 85%)
The bat writhes in agony!
The bat misses you.
Casting: Pain
Confirm with . or Enter, or press ? or * to list all spells.
Aiming: Pain
Press: ? - help, Shift-Dir - straight line, f/p - bat
Aim: a bat (moderately wounded, chance to defeat MR: 85%)
The bat writhes in agony!
You kill the bat!
The Council accepts your kill.
You open the large door.
There is a large open door here.
There is a large open door here.
You open the door.
There is an open door here.
Wield which item (- for none, * to show all)? (? for menu, Esc to quit)
a - a bread ration (in hand)
You swing at nothing.
You swing at nothing.
You swing at nothing.
You swing at nothing.
You swing at nothing.
You swing at nothing.
You swing at nothing.
You swing at nothing.
You swing at nothing.
You swing at nothing.
You swing at nothing.
You swing at nothing.
You swing at nothing.
You swing at nothing.
You swing at nothing.
You swing at nothing.
You swing at nothing.
You swing at nothing.
You swing at nothing.
You swing at nothing.
You swing at nothing.
You swing at nothing.
You swing at nothing.
You swing at nothing.
You swing at nothing.
You swing at nothing.
You swing at nothing.
You swing at nothing.
You swing at nothing.
You swing at nothing.
You are feeling hungry.
The gnoll shouts!
Casting: Pain
Confirm with . or Enter, or press ? or * to list all spells.
Aiming: Pain
Press: ? - help, Shift-Dir - straight line, f - gnoll
Aim: a gnoll, wielding a spear and wearing a large shield (chance to defeat MR: 80%)
The gnoll barely resists.
Casting: Pain
Confirm with . or Enter, or press ? or * to list all spells.
Aiming: Pain
Press: ? - help, Shift-Dir - straight line, f/p - gnoll
Aim: a gnoll, wielding a spear and wearing a large shield (chance to defeat MR: 80%)
The gnoll writhes in agony!
Casting: Pain
Confirm with . or Enter, or press ? or * to list all spells.
Aiming: Pain
Press: ? - help, Shift-Dir - straight line, f/p - gnoll
Aim: a gnoll, wielding a spear and wearing a large shield (moderately wounded, chance to defeat MR: 80%)
The gnoll barely resists.
Casting: Pain
Confirm with . or Enter, or press ? or * to list all spells.
Aiming: Pain
Press: ? - help, Shift-Dir - straight line, f/p - gnoll
Aim: a gnoll, wielding a spear and wearing a large shield (moderately wounded, chance to defeat MR: 80%)
The gnoll barely resists.
The gnoll hits you from afar with a spear.
You die...

###### ##### #....# .....####
#######....#
........##########....##....#####
..............g.@'....''.........
......#.##########....##.....####
.....>..gg..g..#########.....# ##
#+###.#..##g##..# #.....###.
#.#..##.###.# #.....##..
#g#..##.# ..# #####.#..#
..#...#.# #.# #...## $.#####.# ..
#..##. .... ..# #.# #..#.#


You could see a gnoll.

Vanquished Creatures
  An adder (D:2)
  An orc (D:4)
  A ball python (D:3)
  2 giant cockroaches
  2 goblins
  3 hobgoblins
  A kobold (D:2)
  2 bats
13 creatures vanquished.

Notes
Turn   | Place    | Note
-------+----------+-------------------------------------------
     0 | D:1      | tidbits the Draconian Necromancer began the quest for the Orb.
     0 | D:1      | Reached XP level 1. HP: 14/14 MP: 3/3
   169 | D:1      | Learned a level 1 spell: Animate Skeleton
   394 | D:2      | Reached XP level 2. HP: 15/20 MP: 0/5
   455 | D:4      | Found a bloodstained altar of Trog.
   455 | D:4      | Found a radiant altar of Vehumet.
   455 | D:4      | Found an iron altar of Okawaru.
   455 | D:4      | Found an ornate altar of the Wu Jian Council.
   462 | D:4      | Became a worshipper of the Wu Jian Council
   635 | D:1      | HP: 2/20 [gnoll/spear (4)]
   751 | D:1      | Slain by a gnoll

Vault maps used:
D:1:      evilmike_arrival_rings, corner_web_ring
D:2:      nemelex_lonely_heart_becter
D:3:      lemuel_doored_altar
D:4:      wad_pebble_path, grunt_temple_overflow_open, first_bread,
          grunt_decor_mini_mirrors, dk_noncrumbling_3,
          hangedman_abyss_or_decor_lesser_grid, uniq_edmund

Action                   || total
-------------------------++-------
Melee: Short sword       ||     1
 Cast: Pain              ||    27
       Animate Skeleton  ||     2
  Use: Scroll            ||     2
 Stab: Sleeping          ||     1
Armor: Skin              ||     1
Dodge: Dodged            ||     2

Table legend:
 A = Spawn XP
 B = Non-spawn XP
 C = Spawn XP percentage of total XP
 D = Spawn monster count
 E = Non-spawn monster count
 F = Spawn count percentage of total count
 G = Total turns spent on level
                    A         B        C        D         E        F      G
               +---------+---------+-------+---------+---------+-------+---------
         Total |       0 |      36 |   0.0 |       0 |      13 |   0.0 |   751
               +---------+---------+-------+---------+---------+-------+---------
           D:1 |       0 |       7 |   0.0 |       0 |       4 |   0.0 |   356
           D:2 |       0 |      21 |   0.0 |       0 |       5 |   0.0 |   190
           D:3 |       0 |       5 |   0.0 |       0 |       3 |   0.0 |   171
           D:4 |       0 |       3 |   0.0 |       0 |       1 |   0.0 |    34
               +---------+---------+-------+---------+---------+-------+---------

Table legend:
 A = Turns spent in this place as a percentage of turns spent in the entire game.
 B = Non-inter-level travel turns spent in this place as a percentage of non-inter-level travel turns spent in the entire game.
 C = Inter-level travel turns spent in this place as a percentage of turns spent in this place.
 D = Turns resting spent in this place as a percentage of non-inter-level travel turns spent in this place.
 E = Turns spent auto-exploring this place as a percentage of non-inter-level travel turns spent in this place.
 F = Non-inter-level travel turns spent in this place divided by the number of levels of this place that you've seen.
                   A       B       C       D       E      F
               +-------+-------+-------+-------+-------+----------------------
         Total | 100.0 | 100.0 |   1.2 |   0.0 |   0.0 | 185.5
       Dungeon | 100.0 | 100.0 |   1.2 |   0.0 |   0.0 | 185.5
               +-------+-------+-------+-------+-------+----------------------

Table legend:
 A = Kills in this place as a percentage of kills in entire the game.
 B = Kills by you in this place as a percentage of kills by you in the entire game.
 C = Kills by friends in this place as a percentage of kills by friends in the entire game.
 D = Other kills in this place as a percentage of other kills in the entire game.
 E = Experience gained in this place as a percentage of experience gained in the entire game.
 F = Experience gained in this place divided by the number of levels of this place that you have seen.
                   A       B       C       D       E      F
               +-------+-------+-------+-------+-------+----------------------
         Total | 100.0 | 100.0 |   N/A |   N/A | 100.0 |   9.0
       Dungeon | 100.0 | 100.0 |   N/A |   N/A | 100.0 |   9.0
               +-------+-------+-------+-------+-------+----------------------

Vault maps used:
D:1:      evilmike_arrival_rings, corner_web_ring
D:2:      nemelex_lonely_heart_becter
D:3:      lemuel_doored_altar
D:4:      wad_pebble_path, grunt_temple_overflow_open, first_bread,
          grunt_decor_mini_mirrors, dk_noncrumbling_3,
          hangedman_abyss_or_decor_lesser_grid, uniq_edmund
